 Dungeon Crawl Stone Soup version 0.18.1-48-g4cf74bf (webtiles) character file.

58929 Liquid the Carver (level 14, -10/99 HPs)
             Began as a Demonspawn Assassin on July 2, 2016.
             Was the Champion of Kikubaaqudgha.
             Mangled by an orc warrior
             ... wielding a +0 dire flail
             ... led by an orc knight
              (30 damage)
             ... on level 2 of the Orcish Mines.
             The game lasted 01:49:24 (26816 turns).

Liquid the Carver (Demonspawn Assassin)            Turns: 26816, Time: 01:49:30

Health: -10/99     AC: 15    Str: 13    XL:     14   Next: 51%
Magic:  16/27      EV: 20    Int: 16    God:    Kikubaaqudgha [******]
Gold:   1124       SH:  0    Dex: 21    Spells: 7 memorised, 5 levels left

rFire  . . .     SeeInvis .     Z - +4 long sword (pain)
rCold  + . .     Gourm    .     T - +4 ring mail "Peoq" {Dex+4 Stlth+}
rNeg   + . .     Faith    .     (no shield)
rPois  .         Spirit   .     v - +1 helmet
rElec  .         Dismiss  .     U - +1 cloak
rCorr  .         Reflect  .     s - +0 pair of gloves
SustAt .         Harm     .     (boots unavailable)
MR     +....     Clarity  +     K - amulet of regeneration
Stlth  ++++++....               c - ring of stealth
                                d - +2 ring of intelligence

@: regenerating, repel missiles, somewhat resistant to hostile enchantments,
very stealthy
A: hooves 3, repulsion field 3, clarity, cold resistance 1, frail 1, negative
energy resistance 1, nightstalker 1, freezing cloud immunity, MP-powered wands
a: Receive Corpses, Torment, Renounce Religion


You were on level 2 of the Orcish Mines.
You worshipped Kikubaaqudgha.
Kikubaaqudgha was exalted by your worship.
You were very hungry.

You visited 4 branches of the dungeon, and saw 25 of its levels.

You collected 1700 gold pieces.
You spent 576 gold pieces at shops.

Inventory:

Hand Weapons
 b - a +0 blowgun
 u - a +0 triple sword of distortion
 R - a +3 dagger of freezing
 Z - a +4 long sword of pain (weapon)
Missiles
 e - 42 poisoned needles
 j - 4 throwing nets (quivered)
 M - 4 curare-tipped needles
Armour
 s - a +0 pair of gloves (worn)
 v - a +1 helmet (worn)
 T - the +4 ring mail "Peoq" (worn) {Dex+4 Stlth+}
   (You bought it in a shop on level 11 of the Dungeon)

   It affects your dexterity (+4).
   It makes you more stealthy.
 U - a +1 cloak (worn)
Jewellery
 c - a ring of stealth (right hand)
 d - a +2 ring of intelligence (left hand)
 k - an uncursed ring of see invisible
 y - an uncursed ring of protection from fire
 K - an amulet of regeneration (around neck)
Wands
 p - a wand of digging (16/24)
 r - a wand of iceblast (7/15)
 x - a wand of heal wounds (6/9)
 H - a wand of acid (2/15)
Scrolls
 a - a scroll of teleportation
 h - 2 scrolls of identify
 l - 9 scrolls of enchant weapon
 m - 7 scrolls of remove curse
 o - 4 scrolls of enchant armour
 t - 2 scrolls of amnesia
 A - a scroll of fog
Potions
 f - 2 potions of resistance
 i - 4 potions of magic
 q - 2 potions of agility
 w - a potion of brilliance
 z - 3 potions of ambrosia
 D - 6 potions of haste
 E - 3 potions of berserk rage
 N - a potion of cancellation
 O - 5 potions of curing
 S - 6 potions of flight
 X - 2 potions of invisibility
Books
 Q - Kikubaaqudgha's Volume of Black Rites
   (Kikubaaqudgha gifted it to you on level 11 of the Dungeon)

   Spells                             Type                      Level
   a - Animate Dead                   Necromancy                   4
   b - Excruciating Wounds            Charms/Necromancy            5
   c - Bolt of Draining               Conjuration/Necromancy       5
   d - Agony                          Necromancy                   5
   e - Dispel Undead                  Necromancy                   5
 W - a book of the Earth

   Spells                             Type                      Level
   a - Leda's Liquefaction            Hexes/Earth                  4
   b - Bolt of Magma                  Conjuration/Fire/Earth       5
   c - Statue Form                    Transmutation/Earth          6
   d - Iron Shot                      Conjuration/Earth            6
   e - Shatter                        Earth                        9
Miscellaneous
 Y - a phantom mirror
Comestibles
 g - 13 bread rations
 G - 12 fruits
 J - 9 meat rations


   Skills:
 - Level 10.1 Fighting
 - Level 6.6(9.6) Short Blades
 * Level 10.7(11.4) Long Blades
 - Level 5.0 Throwing
 - Level 5.0 Armour
 + Level 7.2 Dodging
 - Level 8.0 Stealth
 + Level 9.3 Spellcasting
 + Level 3.5 Conjurations
 - Level 6.2 Charms
 - Level 9.1 Necromancy


You had 5 spell levels left.
You knew the following spells:

 Your Spells              Type           Power        Failure   Level  Hunger
a - Regeneration          Chrm/Necr      ####......   2%          3    #......
b - Animate Dead          Necr           N/A          4%          4    ###....
c - Sublimation of Blood  Necr           #####.....   1%          2    None
d - Dispel Undead         Necr           #####...     14%         5    #####..
e - Vampiric Draining     Necr           #####.....   1%          3    #......
f - Control Undead        Necr           #####.....   4%          4    ###....
g - Bolt of Draining      Conj/Necr      ####......   41%         5    #####..


Dungeon Overview and Level Annotations

Branches:
Dungeon (14/15)            Temple (1/1) D:6            Lair (8/8) D:10
  Swamp (0/4) Lair:3        Snake (0/4) Lair:4        Slime (0/6) Lair:6
    Orc (2/2) D:9          Vaults (0/5) D:13
    Elf: Orc:2

Altars:
Ashenzari
Cheibriados
Dithmenos
Elyvilon
Fedhas
Gozag
Kikubaaqudgha
Makhleb
Nemelex Xobeh
Okawaru
Pakellas
Qazlal
Ru
Sif Muna
Trog
Vehumet
Xom
Yredelemnul
Zin
The Shining One
Jiyva

Shops:
D:6 }=   D:8 [   D:10 (   D:11 [   D:13 [   D:14 (

Annotations:
D:11 raikaria's ghost, novice DsMo
Lair:5 exclusion: 3 oklob plants
Lair:8 nikopol's ghost, journeyman MiBe


Innate Abilities, Weirdness & Mutations

You have hooves in place of feet.
You are surrounded by a strong repulsion field (EV +4, rMsl).
Your flesh is cold resistant.
You resist negative energy.
You are slightly more attuned to the shadows.
You are immune to freezing clouds.
You possess an exceptional clarity of mind.
You are frail (-10% HP).
You expend magic power (3 MP) to strengthen your wands.


Message History

The orc warrior hits you from afar with a trident of freezing!
* * * LOW HITPOINT WARNING * * *
The orc warrior freezes you.
* * * LOW HITPOINT WARNING * * *
The orc knight hits you with a broad axe!
* * * LOW HITPOINT WARNING * * *
The orc knight hits your ogre zombie with a broad axe!
Your orc zombie hits the orc warrior but does no damage.
Your ogre zombie hits the orc knight with a giant club!
The orc knight dies!
Kikubaaqudgha accepts your kill.
The orc warrior hits your orc zombie with a trident of freezing!
Your orc zombie is destroyed!
Casting: Animate Dead
Confirm with . or Enter, or press ? or * to list all spells.
Your skin crawls.
The orc warrior shouts!
The orc warrior hits you with a dire flail!!
You die...
Kikubaaqudgha rasps: "You have failed me!
Welcome... death!"

...........## ####.......#
#.......#...###.#.......### ##
........##.###............##
.##
............#..............#
..#
...................Z)......##.#
...........Zo##.o......#
..........).###..o.....###
#.........o..##.o......#.#
#........@o###..Z.........
..........###.......)$..(.
#........## ##...)))<....#
...... ###)o........ ......
#ZZ)........ .##...
...........#. ##..
.........#### .......#..#
......#.$..#


You could see 2 orc warriors, an orc, a friendly orc zombie and a friendly ogre
zombie.

Vanquished Creatures
  Gastronok (Lair:2)
  A dire elephant (Lair:8)
  Harold (D:11)
  7 hydras
  A catoblepas (Lair:5)
  A centaur warrior (D:13)
  4 death yaks
  A fire crab (Lair:8)
  An unseen horror (D:10)
  3 skeletal warriors
  3 wizards
  3 hill giants
  A cyclops (D:11)
  4 oklob plants (Lair:5)
  An orc sorcerer (Orc:1)
  A griffon (Lair:7)
  10 elephants
  4 black mambas
  8 spiny frogs
  Psyche (D:10)
  2 rime drakes
  9 komodo dragons
  2 trolls (D:9)
  A polar bear (Lair:7)
  A slime creature (Lair:6)
  A two-headed ogre (D:13)
  6 blink frogs
  A boulder beetle (Lair:8)
  Sigmund (D:6)
  A spriggan (D:12)
  2 wyverns
  Grum (D:9)
  10 hippogriffs
  36 yaks
  A basilisk (shapeshifter) (D:13)
  2 basilisks
  A warg (Orc:2)
  Edmund (D:6)
  A mottled dragon (D:12)
  4 vampire mosquitoes
  3 nagas (Lair:4)
  5 swamp worms (Lair:3)
  A soldier ant (D:11)
  16 water moccasins
  2 hell hounds (Lair:8)
  8 porcupines
  2 ice beasts
  A black bear (D:9)
  8 orc warriors
  5 sky beasts
  A necrophage (D:11)
  A wasp (D:13)
  12 centaurs
  11 ogres
  4 wolves
  2 phantoms
  16 crocodiles
  7 big kobolds
  24 giant frogs
  3 gnoll sergeants (D:9)
  A wyvern zombie (D:10)
  3 wyvern skeletons
  2 scorpions
  9 killer bees
  8 wights
  3 howler monkeys (D:10)
  10 crimson imps
  An electric eel (Lair:3)
  A quasit (D:8)
  A wasp zombie (D:11)
  2 centaur zombies
  5 giant frog skeletons
  2 jellies
  10 orc priests
  5 hounds
  11 orc wizards
  A gnoll shaman (D:7)
  5 iguanas
  9 worker ants
  7 sheep
  A hound skeleton (D:10)
  2 worker ant zombies
  16 gnolls
  8 adders
  43 river rats
  4 shadow imps
  An ooze (D:1)
  2 adder zombies
  2 adder skeletons
  2 worms (D:3)
  3 dart slugs
  8 giant geckos
  49 orcs
  3 ball pythons
  8 giant cockroaches
  4 goblins
  5 hobgoblins
  7 jackals
  7 quokkas
  8 bats
  A giant gecko zombie (D:6)
  6 giant newts
  25 kobolds
  A quokka skeleton (D:4)
  5 rats
  3 plants
593 creatures vanquished.

Vanquished Creatures (collateral kills)
  2 hydras
  2 death yaks (Lair:8)
  An orc knight (Orc:2)
  2 elephants (Lair:7)
  2 black mambas (Lair:8)
  A spiny frog (Lair:8)
  A komodo dragon (Lair:7)
  A blink frog (Lair:7)
  A water moccasin (Lair:8)
  An orc warrior (Orc:2)
  2 crocodiles (Lair:8)
  An orc priest (Orc:2)
  2 orc wizards
  A sheep (Lair:7)
  5 river rats (Lair:8)
  6 orcs
31 creatures vanquished.

Vanquished Creatures (others)
  An iguana (D:11)
  A worker ant (D:9)
  A hound skeleton (D:11)
  A gnoll (D:9)
  2 bushes (Lair:5)
  23 fungi
  7 plants
36 creatures vanquished.

Grand Total: 660 creatures vanquished

Notes
Turn   | Place    | Note
--------------------------------------------------------------
     0 | D:1      | Liquid the Demonspawn Assassin began the quest for the Orb.
     0 | D:1      | Reached XP level 1. HP: 16/16 MP: 1/1
    32 | D:1      | You fall through a shaft!
    46 | D:1      | Reached skill level 1 in Dodging
   341 | D:1      | Gained mutation: You are surrounded by a mild repulsion field (EV +2). [demonic ancestry]
   341 | D:1      | Reached XP level 2. HP: 20/22 MP: 2/2
   531 | D:1      | Reached skill level 1 in Armour
   731 | D:2      | Reached XP level 3. HP: 28/28 MP: 3/3
   825 | D:2      | Found an iron altar of Okawaru.
   988 | D:2      | Gained mutation: You have large cloven feet. [demonic ancestry]
   988 | D:2      | Reached XP level 4. HP: 19/34 MP: 4/4
  1222 | D:2      | Found an opulent altar of Gozag.
  1499 | D:3      | Noticed a centaur
  2163 | D:3      | Gained mutation: Your flesh is cold resistant. [demonic ancestry]
  2163 | D:3      | Reached XP level 5. HP: 39/40 MP: 5/5
  2276 | D:3      | Killed a centaur
  2557 | D:4      | Gained mutation: You are surrounded by a moderate repulsion field (EV +3). [demonic ancestry]
  2557 | D:4      | Reached XP level 6. HP: 18/47 MP: 6/6
  2876 | D:5      | Entered Level 5 of the Dungeon
  3005 | D:5      | Found a burning altar of Makhleb.
  3043 | D:5      | Gained mutation: You have hoof-like feet. [demonic ancestry]
  3043 | D:5      | Reached XP level 7. HP: 43/53 MP: 7/7
  3086 | D:5      | Found a deep blue altar of Sif Muna.
  3248 | D:5      | Reached skill level 5 in Stealth
  3585 | D:5      | Found a glowing silver altar of Zin.
  3588 | D:5      | Found a bloodstained altar of Trog.
  3692 | D:6      | Found an oddly glowing altar of Pakellas.
  3692 | D:6      | Found Pakellas's Prime Provisions.
  3713 | D:6      | Found Huwazxouxu's Jewellery Boutique.
  4027 | D:6      | Gained mutation: You are surrounded by a strong repulsion field (EV +4, rMsl). [demonic ancestry]
  4027 | D:6      | Reached XP level 8. HP: 60/61 MP: 8/8
  4159 | D:6      | Noticed Sigmund
  4170 | D:6      | Killed Sigmund
  4188 | D:6      | Noticed Edmund
  4261 | D:6      | Killed Edmund
  4261 | D:6      | Reached skill level 5 in Fighting
  4728 | D:6      | Found a staircase to the Ecumenical Temple.
  4733 | Temple   | Entered the Ecumenical Temple
  4822 | Temple   | Became a worshipper of Kikubaaqudgha
  4972 | D:7      | Reached skill level 5 in Short Blades
  5110 | D:7      | Found a glowing golden altar of the Shining One.
  5302 | D:7      | Reached XP level 9. HP: 65/68 MP: 9/9
  5549 | D:7      | Reached skill level 5 in Armour
  5795 | D:7      | Found a shadowy altar of Dithmenos.
  6052 | D:8      | Reached skill level 5 in Dodging
  6094 | D:8      | Found Hefa's Antique Armour Shoppe.
  6229 | D:8      | Reached * piety under Kikubaaqudgha
  6229 | D:8      | Received a gift from Kikubaaqudgha
  6232 | D:8      | Identified Kikubaaqudgha's Catalogue of Evil (Kikubaaqudgha gifted it to you on level 8 of the Dungeon)
  6237 | D:8      | Learned a level 3 spell: Regeneration
  6439 | D:8      | Reached skill level 1 in Spellcasting
  7654 | D:9      | Noticed Grum
  7698 | D:9      | Killed Grum
  7723 | D:9      | Reached XP level 10. HP: 33/77 MP: 14/14
  7983 | D:9      | Found a staircase to the Orcish Mines.
  8366 | D:9      | Reached ** piety under Kikubaaqudgha
  8555 | D:10     | Entered Level 10 of the Dungeon
  8815 | D:10     | Noticed Harold
  9457 | D:9      | Reached skill level 1 in Long Blades
  9985 | D:10     | Noticed Psyche
  9988 | D:10     | Killed Psyche
  9988 | D:10     | Reached skill level 5 in Spellcasting
 10000 | D:10     | Noticed an unseen horror
 10038 | D:10     | Killed an unseen horror
 10462 | D:10     | Reached skill level 1 in Necromancy
 10751 | D:10     | Gained mutation: You are slightly more attuned to the shadows. [demonic ancestry]
 10751 | D:10     | Reached XP level 11. HP: 84/84 MP: 19/19
 10760 | D:10     | Got a faintly glowing bone ring
 10762 | D:10     | Identified the ring of Optad {Str+2 Stlth-} (You found it on level 10 of the Dungeon)
 10772 | D:10     | Found Cischit's Antique Weapon Shoppe.
 10972 | D:6      | Bought an uncursed amulet of regeneration for 360 gold pieces
 11263 | D:10     | Noticed a hill giant
 11296 | D:10     | Killed a hill giant
 11367 | D:10     | Found a staircase to the Lair.
 11871 | D:11     | Reached *** piety under Kikubaaqudgha
 11871 | D:11     | Received a gift from Kikubaaqudgha
 11874 | D:11     | Identified Kikubaaqudgha's Volume of Black Rites (Kikubaaqudgha gifted it to you on level 11 of the Dungeon)
 12037 | D:11     | Noticed a hill giant
 12058 | D:11     | Killed a hill giant
 12172 | D:11     | Killed Harold
 12178 | D:11     | Identified a scroll of acquirement
 12240 | D:11     | Noticed a centaur warrior
 12243 | D:11     | Found Viciesch's Antique Armour Emporium.
 12270 | D:11     | Bought a pitted ring mail for 216 gold pieces
 12282 | D:11     | Identified the +4 ring mail "Peoq" {Dex+4 Stlth+} (You bought it in a shop on level 11 of the Dungeon)
 12461 | D:11     | Noticed raikaria's ghost (novice DsMo)
 13320 | Lair:1   | Entered Level 1 of the Lair of Beasts
 13697 | Lair:1   | Reached skill level 5 in Long Blades
 13720 | Lair:1   | Reached **** piety under Kikubaaqudgha
 13751 | Lair:1   | Learned a level 4 spell: Animate Dead
 13754 | Lair:1   | Learned a level 2 spell: Sublimation of Blood
 13760 | Lair:1   | Learned a level 5 spell: Dispel Undead
 13773 | Lair:1   | Reached skill level 5 in Necromancy
 14025 | Lair:1   | Noticed a four-headed hydra
 14048 | Lair:1   | Killed a four-headed hydra
 14306 | Lair:2   | Reached skill level 1 in Charms
 14306 | Lair:2   | Gained mutation: You resist negative energy. [demonic ancestry]
 14306 | Lair:2   | Reached XP level 12. HP: 74/94 MP: 22/22
 14720 | Lair:2   | Noticed Gastronok
 14737 | Lair:2   | Killed Gastronok
 15375 | Lair:3   | Noticed a five-headed hydra
 15376 | Lair:3   | Killed a five-headed hydra
 15502 | Lair:3   | Found a staircase to the Swamp.
 16297 | Lair:3   | Noticed an eight-headed hydra
 16364 | Lair:4   | Found a staircase to the Snake Pit.
 16875 | Lair:4   | Reached skill level 5 in Throwing
 17217 | Lair:5   | Reached ***** piety under Kikubaaqudgha
 17928 | Lair:5   | Reached skill level 10 in Fighting
 17986 | Lair:5   | Gained mutation: You are immune to freezing clouds. [demonic ancestry]
 17986 | Lair:5   | Reached XP level 13. HP: 53/103 MP: 21/23
 19207 | Lair:6   | Found a runed door.
 19208 | Lair:6   | Found a viscous altar of Jiyva.
 19210 | Lair:6   | Found a staircase to the Slime Pits.
 19402 | Lair:6   | Learned a level 3 spell: Vampiric Draining
 19421 | Lair:6   | Learned a level 4 spell: Control Undead
 20318 | Lair:7   | Reached skill level 5 in Charms
 21036 | Lair:7   | Got a steaming chain mail
 21037 | Lair:7   | Identified the +8 chain mail of the Orb Guardian {rC+} (You found it on level 7 of the Lair of Beasts)
 21081 | Lair:7   | Got a polished helmet
 21128 | Lair:7   | Identified the cursed +0 helmet of Sif Muna's Vengeance {rPois rN+++ MP-9 Slay-5} (You found it on level 7 of the Lair of Beasts)
 21205 | Lair:7   | Learned a level 5 spell: Bolt of Draining
 21983 | Lair:8   | Entered Level 8 of the Lair of Beasts
 22398 | Lair:8   | Noticed nikopol's ghost (journeyman MiBe)
 22477 | Lair:7   | Gained mutation: Your spells are a little harder to cast, but a little more powerful. [potion of mutation]
 22477 | Lair:7   | Gained mutation: You are frail (-10% HP). [potion of mutation]
 23119 | Lair:8   | Gained mutation: You have hooves in place of feet. [demonic ancestry]
 23119 | Lair:8   | Reached XP level 14. HP: 99/99 MP: 26/26
 23156 | Lair:8   | Found a burning altar of Makhleb.
 24021 | Lair:5   | Reached skill level 1 in Conjurations
 24493 | D:12     | Reached skill level 10 in Long Blades
 24950 | D:13     | Reached ****** piety under Kikubaaqudgha
 24987 | D:13     | Paralysed by a wizard for 6 turns
 25295 | D:13     | Identified a +4 long sword of pain (a +2 long sword of draining bloodied by Kikubaaqudgha)
 25295 | D:13     | Received a gift from Kikubaaqudgha
 25547 | D:13     | Gained mutation: You expend magic power (3 MP) to strengthen your wands. [mutagenic meat]
 25548 | D:13     | Gained mutation: You possess an exceptional clarity of mind. [mutagenic meat]
 25550 | D:13     | Lost mutation: Your spells are a little harder to cast, but a little more powerful. [mutagenic meat]
 25776 | D:13     | Found Eblopha's Antique Armour Shoppe.
 26045 | D:13     | Found a gate to the Vaults.
 26210 | D:14     | Found Qopud's Weapon Shoppe.
 26621 | Orc:1    | Entered Level 1 of the Orcish Mines
 26725 | Orc:2    | Entered Level 2 of the Orcish Mines
 26816 | Orc:2    | Mangled by an orc warrior

Skill      XL: |  1  2  3  4  5  6  7  8  9 10 11 12 13 14 |
---------------+-------------------------------------------+-----
Dodging        | 1 2 3 4 5 6 7 |  7.2
Short Blades   | 2 3 4 5 6 |  6.6
Armour         | 1 2 3 4 5 |  5.0
Stealth        | 4 5 6 7 8 |  8.0
Fighting       | 3 4 5 6 7 8 10 | 10.1
Spellcasting   | 3 5 6 7 8 9 |  9.3
Long Blades    | 2 5 6 9 10 | 10.7
Necromancy     | 1 5 7 9 |  9.1
Throwing       | 3 5 |  5.0
Charms         | 1 4 6 |  6.2
Conjurations   | 3 |  3.5

Action                   |  1- 3 |  4- 6 |  7- 9 | 10-12 | 13-15 || total
-------------------------+-------+-------+-------+-------+-------++-------
Melee: Dagger            |   106 |   188 |   734 |  1486 |  1162 ||  3676
       Kick              |       |    47 |   209 |   231 |   288 ||   775
       Great sword       |       |       |     1 |    19 |       ||    20
       Long sword        |       |       |       |   221 |   646 ||   867
       Triple sword      |       |       |       |    29 |       ||    29
 Fire: Blowgun           |    11 |    12 |    29 |    82 |    47 ||   181
 Cast: Regeneration      |       |       |       |     7 |    92 ||    99
       Animate Dead      |       |       |       |       |    34 ||    34
Invok: Receive Corpses   |       |       |       |       |     3 ||     3
       Brand Weapon With |       |       |       |       |     1 ||     1
Evoke: Wand              |       |       |     4 |     3 |    16 ||    23
  Use: Scroll            |       |     6 |     9 |    17 |    18 ||    50
       Potion            |       |       |     1 |     5 |     2 ||     8
 Stab: Sleeping          |     7 |    10 |    23 |    60 |    30 ||   130
       Distracted        |     1 |       |       |     3 |    15 ||    19
  Eat: Chunk             |       |     7 |    12 |    23 |    23 ||    65
       Pizza             |       |       |     2 |     2 |     1 ||     5
       Royal jelly       |       |       |     1 |       |       ||     1
       Beef jerky        |       |       |       |     7 |     4 ||    11
       Fruit             |       |       |       |       |    13 ||    13
Armor: Ring mail         |    28 |    53 |   206 |   370 |   390 ||  1047
       Robe              |     3 |       |       |       |       ||     3
       Skin              |       |       |    15 |       |    35 ||    50
Dodge: Dodged            |    53 |   157 |   530 |  1136 |  1296 ||  3172
       Deflected         |       |       |     2 |    10 |    16 ||    28
